 Dungeon Crawl Stone Soup version bcrawl-1.15-1-g696c4cd9b6 (webtiles) character file.

Game seed: 16985908568094555550

242 Chiseanne the Sneak (level 5, -2/38 HPs)
             Began as a Mummy Archaeologist on Sept 24, 2019.
             Slain by a sky beast (4 damage)
             ... on level 3 of the Dungeon.
             The game lasted 00:03:40 (2234 turns).

Chiseanne the Sneak (Mummy Archaeologist)           Turns: 2234, Time: 00:03:41

Health: -2/38      AC:  7    Str: 14    XL:     5   Next: 81%
Magic:  5/5        EV: 13    Int: 14    God:
Gold:   66         SH:  0    Dex: 11    Spells: 4/4 levels left

rFire    x . .     SeeInvis .   a - +2 scythe (protect)
rCold    + . .     Gourm    .   (shield currently unavailable)
rNeg     + + +     Faith    .   b - +1 robe
rPois    ∞         Spirit   .   c - +1 hat
rElec    .         Reflect  .   (no cloak)
rCorr    .         Harm     .   (no gloves)
MR       .....     Clarity  +   d - +2 pair of boots
Stlth    +++.......             (no amulet)
HPRegen  0.12/turn              (no ring)
MPRegen  0.09/turn              (no ring)

@: no status effects
A: no food or potions, fire vulnerability, clarity, cold resistance 1, negative
energy resistance 3, torment resistance, unbreathing
a: no special abilities


You were on level 3 of the Dungeon.
You were not hungry.

You visited 1 branch of the dungeon, and saw 3 of its levels.

You collected 66 gold pieces.

Inventory:

Hand Weapons
 a - a +2 scythe of protection (weapon)
Missiles
 l - 306 arrows
 n - 622 stones (quivered)
Armour
 b - a +1 robe (worn)
 c - a +1 hat (worn)
 d - a +2 pair of boots (worn)
 f - the +2 cloak of the Thief {+Fog Slay-2 SInv Stlth+}

   It affects your accuracy and damage with ranged weapons and melee attacks
   (-2).
   It lets you see invisible.
   It makes you more stealthy.
Scrolls
 e - a scroll of immolation {unknown}
 g - 2 scrolls of identify
 h - 2 scrolls of remove curse
 i - a scroll of teleportation


   Skills:
 * Level 2.2 Fighting
   Level 0.7 Maces & Flails
 * Level 3.0 Dodging
 - Level 7.1 Stealth


You had 4 spell levels left.
You didn't know any spells.
Your spell library contained the following spells:

 Spells                   Type           Power        Failure   Level  Hunger
 Apportation              Tloc           #.....       28%         1    N/A
 Infusion                 Chrm           #.......     28%         1    N/A
 Sandblast                Erth           #.....       28%         1    N/A
 Slow                     Hex            #.......     28%         1    N/A
 Summon Butterflies       Summ           #.......     28%         1    N/A

Dungeon Overview and Level Annotations

Branches:
Dungeon (3/12)

Altars:
Elyvilon
Ru


Innate Abilities, Weirdness & Mutations

You do not eat or drink.
Your flesh is vulnerable to fire.
You are immune to poison.
You possess an exceptional clarity of mind.
Your flesh is cold resistant. (rC+)
You are immune to negative energy. (rN+++)
You are immune to unholy pain and torment.
You can survive without breathing.


Message History

The sky beast is heavily wounded.
The sky beast barely misses you. The sky beast hits you.
The sky beast shocks you.
You closely miss the sky beast.
The sky beast is heavily wounded.
The sky beast hits you. The sky beast shocks you.
* * * LOW HITPOINT WARNING * * *
The sky beast completely misses you.
You hit the sky beast but do no damage.
The sky beast is heavily wounded.
The sky beast barely misses you. The sky beast hits you.
* * * LOW HITPOINT WARNING * * *
The sky beast shocks you.
* * * LOW HITPOINT WARNING * * *
The sky beast flickers out of sight!
Deactivating autopickup; reactivate with Ctrl-A.
A sky beast appears from thin air!
Reactivating autopickup.
The sky beast hits you.
You die...

#..###..#..#.. ... #..#
#..#..# ..## #..# #.....+
....#
#..###....#########.....#
#....#.....'._#..'......#
#.......#..#.###.#..#....
####.#..#.^#.....#..# #
#.#######.....####
#.#..#..@Y§......#
#.#......#####.....
#.######... ...... #..
..## ###### ### ####


You could see a sky beast.

Vanquished Creatures
  Sigmund (D:2)
  An iguana (D:3)
  An adder (D:3)
  An ooze (D:3)
  2 worms (D:2)
  2 dart slugs (D:1)
  A leopard gecko (D:2)
  A ball python (D:2)
  4 bats (D:1)
  A giant cockroach (D:1)
  5 goblins
  6 hobgoblins
  2 jackals (D:2)
  3 frilled lizards (D:1)
  4 kobolds
  3 rats
38 creatures vanquished.

Notes
Turn   | Place    | Note
-------+----------+-------------------------------------------
     0 | D:1      | Chiseanne the Mummy Archaeologist began the quest for the
                  | Orb.
     0 | D:1      | Reached XP level 1. HP: 15/15 MP: 1/1
   279 | D:1      | Reached XP level 2. HP: 14/21 MP: 2/2
   986 | D:2      | Reached XP level 3. HP: 14/27 MP: 3/3
  1362 | D:2      | Noticed Sigmund
  1378 | D:2      | Killed Sigmund
  1378 | D:2      | Reached skill level 6 in Stealth
  1378 | D:2      | Reached XP level 4. HP: 5/33 MP: 4/4
  1378 | D:2      | Reached XP level 5. HP: 6/38 MP: 5/5
  1666 | D:2      | Found a white marble altar of Elyvilon.
  2127 | D:3      | Reached skill level 7 in Stealth
  2209 | D:3      | Found a sacrificial altar of Ru.
  2216 | D:3      | Noticed a sky beast
  2231 | D:3      | HP: 1/38 [sky beast (5)]
  2234 | D:3      | Slain by a sky beast

Skill      XL: |  1  2  3  4  5 |
---------------+----------------+-----
Fighting       | 2 |  2.2
Dodging        | 3 |  3.0
Stealth        | 6 7 |  7.1
Maces & Flails | |  0.7

Action                   |  1- 3 |  4- 6 || total
-------------------------+-------+-------++-------
Melee: Whip              |    72 |       ||    72
       Hand axe          |    49 |       ||    49
       Scythe            |       |    51 ||    51
  Use: Scroll            |     1 |     4 ||     5
 Stab: Sleeping          |     2 |     2 ||     4
Armor: Robe              |    52 |    24 ||    76
Dodge: Dodged            |    95 |    45 ||   140
